 Dungeon Crawl Stone Soup version bcrawl-1.41.1 (webtiles) character file.

Game seed: 12405322200978424004

146464 quik the Grave Robber (level 6, 0/48 HPs)
             Began as a Ghoul Necromancer on Apr 16, 2024.
             Was a Follower of Vehumet.
             Slain by an orc
             ... wielding a +0 whip
              (4 damage)
             ... on level 4 of the Dungeon.
             The game lasted 00:20:14 (3130 turns).

quik the Grave Robber (Ghoul Necromancer)           Turns: 3130, Time: 00:20:15

Health: 0/48       AC:  4    Str: 19    XL:     6   Next: 2%
Magic:  9/9        EV: 11    Int: 14    God:    Vehumet [*.....]
Gold:   187        SH:  5    Dex: 13    Spells: 2/10 levels left

rFire    . . .     GDR:     25% g - -3 dagger (curse)
rCold    . . .     SeeInvis .   d - +0 buckler
rNeg     + . .     Gourm    .   j - +0 leather armour
rPois    +         Faith    .   k - +0 helmet
rElec    .         Spirit   .   (no cloak)
rCorr    .         Reflect  .   (no gloves)
MR       .....     Rnd*Tele +   (no boots)
Stlth    ++........             (no amulet)
HPRegen  0.18/turn              n - ring of teleportation {*tele, !P}
MPRegen  0.11/turn              f - +6 ring of strength

@: marked, quick
A: claws 1, carnivore, speed 1, negative energy resistance 1, poison resistance,
partial torment resistance, strong legs 1
a: Hop, Renounce Religion


You were on level 4 of the Dungeon.
You worshipped Vehumet.
Vehumet was aware of your devotion.
You were not hungry.

You visited 1 branch of the dungeon, and saw 4 of its levels.

You collected 187 gold pieces.


Innate Abilities, Weirdness & Mutations

Eating raw meat heals you.
You have sharp fingernails.
You are carnivorous and can eat meat at any time.
You cover ground quickly.
You resist negative energy. (rN+)
Your system is resistant to poisons. (rPois)
You are less affected by unholy pain and torment.
You can hop short distances.


   Skills:
 - Level 2.0 Fighting
 - Level 2.0 Dodging
 - Level 2.5 Stealth
 - Level 4.0 Shields
 - Level 2.5 Spellcasting
 + Level 4.8 Necromancy


You had 2 spell levels left.
You knew the following spells:

 Your Spells              Type           Power        Failure   Level  Hunger
f - Necrotize             Necr           ###...       8%          1    None
v - Vampiric Draining     Necr           ###.......   22%         3    ####...
y - Agony                 Necr           ###.....     58%         4    ######.

Your spell library contained the following spells:

 Spells                   Type           Power        Failure   Level  Hunger
 Flame Tongue             Conj/Fire      #....        14%         1    None
 Animate Dead             Necr           N/A          58%         4    ######.
 Dispel Undead            Necr           ###.....     90%         5    #######

Inventory:

Hand Weapons
 a - a +0 dagger of pain
 b - a +0 hunting sling {@w1}
 g - a cursed -3 dagger (weapon)
Missiles
 h - 191 arrows
 s - 440 sling bullets
 Q - 1099 stones (quivered)
Armour
 d - a +0 buckler (worn)
 j - a +0 leather armour (worn)
 k - a +0 helmet (worn)
 m - a +0 robe
Jewellery
 f - a +6 ring of strength (right claw)
 n - a ring of teleportation (left claw) {*tele, !P}
Scrolls
 i - 3 scrolls of identify {@r2}
 t - 2 scrolls of teleportation
Potions
 c - 2 potions of cancellation {!q}
 l - 2 potions of heal wounds {!q@q1}
 p - a potion of mutation {!q!q}
 q - 2 potions of curing {@q2}

Dungeon Overview and Level Annotations

Branches:
Dungeon (4/12)
 Temple: D:4-7

Altars:
Dithmenos
Nemelex Xobeh
Uskayaw
Vehumet

#..
##...########
.....oo@....+
......oSo..##
#+##...Z...#
..........#
..........<#
....########
.... ...


You could see an adder, 2 orc priests, 2 orcs and an adder skeleton.


Message History

* * * LOW HITPOINT WARNING * * *
You take 10 damage, and have 15/48 hp.
MASSIVE DAMAGE!!
Unknown command.
You closely miss the orc priest. The orc hits you with a +0 whip.
* * * LOW HITPOINT WARNING * * *
You block the adder's attack.
The orc priest hits you but does no damage.
You take 1 damage, and have 14/48 hp.
You closely miss the orc priest. The adder closely misses you.
The orc hits you but does no damage.
The orc priest calls upon Beogh to heal the orc priest.
The orc priest's wounds heal themselves!
The orc priest hits you but does no damage.
The orc hits you with a +0 hand axe.
* * * LOW HITPOINT WARNING * * *
You block the adder's attack.
You take 3 damage, and have 11/48 hp.
You hit the orc priest. The orc closely misses you.
The orc priest hits you but does no damage.
You block the adder's attack. The orc hits you but does no damage.
You hit the orc priest. The orc hits you with a +0 whip.
* * * LOW HITPOINT WARNING * * *
You block the adder's attack. The orc priest closely misses you.
The orc hits you with a +0 hand axe.
* * * LOW HITPOINT WARNING * * *
You take 7 damage, and have 4/48 hp.
Your shield and leather armour prevent you from hitting the orc priest.
The adder closely misses you. The orc hits you with a +0 whip.
You die...

Skill      XL: |  1  2  3  4  5 |
---------------+----------------+-----
Fighting       | 1 2 |  2.0
Shields        | 1 2 3 4 |  4.0
Dodging        | |  2.0
Stealth        | |  2.5
Spellcasting   | |  2.5
Necromancy     | |  4.8

Action                   |  1- 3 |  4- 6 || total
-------------------------+-------+-------++-------
Melee: Dagger            |    20 |    77 ||    97
 Fire: Hunting sling     |       |    12 ||    12
Throw: Stone             |    11 |    20 ||    31
 Cast: Necrotize         |    62 |    64 ||   126
       Vampiric Draining |       |     2 ||     2
 Abil: Hop               |       |     4 ||     4
  Use: Scroll            |     4 |     5 ||     9
 Stab: Distracted        |       |     1 ||     1
  Eat: Chunk             |     6 |    23 ||    29
Armor: Robe              |     3 |     9 ||    12
       Leather armour    |       |    13 ||    13
Dodge: Dodged            |    17 |    50 ||    67
Block: Buckler           |     2 |    22 ||    24

Levels and vault maps discovered:
D:1:      minmay_arrival_open_corners, layout_loops_ring
D:2:      minmay_evil_eye, layout_basic, nicolae_dithmenos_shadow_blocks,
          hangedman_feature_mirror, uniq_robin
D:3:      layout_loops_ring, nicolae_uskayaw_murder_on_the_dancefloor,
          overflow_temple_1_default, chequers_ecumenical_altar_island,
          lemuel_statue_altar
D:4:      kennysheep_spiral_hall, layout_basic, first_ration, serial_shops,
          shop, mainiacjoe_ossuary_entry_dusty_tomb

Notes
Turn   | Place    | Note
-------+----------+-------------------------------------------
     0 | D:1      | quik the Ghoul Necromancer began the quest for the Orb.
     0 | D:1      | Reached XP level 1. HP: 14/14 MP: 3/3
    17 | D:1      | Identified a scroll of identify
    79 | D:1      | Identified a potion of cancellation
   184 | D:1      | Reached skill level 1 in Fighting
   186 | D:1      | Reached XP level 2. HP: 16/23 MP: 0/5
   272 | D:1      | Identified a potion of curing
   287 | D:1      | Reached skill level 2 in Fighting
   766 | D:2      | Reached skill level 1 in Shields
   774 | D:2      | Reached XP level 3. HP: 26/29 MP: 1/6
   781 | D:2      | Found a shadowy altar of Dithmenos.
   801 | D:2      | Identified a potion of heal wounds
   836 | D:2      | Identified a scroll of teleportation
  1134 | D:2      | Reached skill level 2 in Shields
  1244 | D:2      | Reached XP level 4. HP: 32/36 MP: 2/7
  1599 | D:2      | Learned a level 3 spell: Vampiric Draining
  1604 | D:2      | Learned a level 4 spell: Agony
  1609 | D:2      | Noticed Robin
  1631 | D:2      | Killed Robin
  1632 | D:2      | Reached skill level 3 in Shields
  1877 | D:2      | Reached XP level 5. HP: 41/41 MP: 8/8
  2438 | D:3      | Found a faded altar of an unknown god.
  2453 | D:3      | Identified a potion of mutation
  2463 | D:3      | Prayed at the altar of an unknown god.
  2463 | D:3      | Became a worshipper of Vehumet
  2463 | D:3      | Reached * piety under Vehumet
  2463 | D:3      | Offered knowledge of Flame Tongue by Vehumet.
  2497 | D:3      | Found a hide-covered altar of Uskayaw.
  2598 | D:3      | Reached skill level 4 in Shields
  2654 | D:3      | Reached XP level 6. HP: 41/48 MP: 7/9
  2979 | D:3      | Found a sparkling altar of Nemelex Xobeh.
  3000 | D:3      | Found a radiant altar of Vehumet.
  3103 | D:4      | Identified 2 scrolls of remove curse
  3104 | D:4      | Identified a scroll of noise
  3105 | D:4      | Identified a scroll of immolation
  3106 | D:4      | Identified a ring of teleportation (You found it on level 2
                  | of the Dungeon)
  3107 | D:4      | Identified a ring of strength (You found it on level 2 of
                  | the Dungeon)
  3127 | D:4      | HP: 11/48 [orc/+0 hand axe (3)]
  3129 | D:4      | HP: 4/48 [orc/+0 hand axe (2)]
  3130 | D:4      | Slain by an orc

Vanquished Creatures
  A hound (D:3)
  An orc wizard (D:3)
  Robin (D:2)
  4 gnolls (D:2)
  An adder (D:3)
  2 worms
  3 dart slugs
  A leopard gecko (D:1)
  5 orcs
  3 giant cockroaches
  8 goblins
  14 hobgoblins
  2 jackals (D:2)
  A quokka (D:2)
  A ball python (D:1)
  5 bats
  4 frilled lizards
  7 kobolds
  5 rats
69 creatures vanquished.

Vanquished Creatures (collateral kills)
  A gnoll (D:3)
  2 worms (D:2)
  A leopard gecko (D:2)
  An orc (D:3)
  3 goblins (D:2)
  A hobgoblin (D:2)
  4 kobolds
13 creatures vanquished.

Grand Total: 82 creatures vanquished

Table legend:
 A = Turns spent in this place as a percentage of turns spent in the entire game.
 B = Non-inter-level travel turns spent in this place as a percentage of non-inter-level travel turns spent in the entire game.
 C = Inter-level travel turns spent in this place as a percentage of turns spent in this place.
 D = Turns resting spent in this place as a percentage of non-inter-level travel turns spent in this place.
 E = Turns spent auto-exploring this place as a percentage of non-inter-level travel turns spent in this place.
 F = Non-inter-level travel turns spent in this place divided by the number of levels of this place that you've seen.
                   A       B       C       D       E      F
               +-------+-------+-------+-------+-------+----------------------
         Total | 100.0 | 100.0 |   6.6 |  11.5 |  57.7 | 730.5
       Dungeon | 100.0 | 100.0 |   6.6 |  11.5 |  57.7 | 730.5
               +-------+-------+-------+-------+-------+----------------------

Table legend:
 A = Kills in this place as a percentage of kills in entire the game.
 B = Kills by you in this place as a percentage of kills by you in the entire game.
 C = Kills by friends in this place as a percentage of kills by friends in the entire game.
 D = Other kills in this place as a percentage of other kills in the entire game.
 E = Experience gained in this place as a percentage of experience gained in the entire game.
 F = Experience gained in this place divided by the number of levels of this place that you have seen.
                   A       B       C       D       E      F
               +-------+-------+-------+-------+-------+----------------------
         Total | 100.0 | 100.0 | 100.0 |   N/A | 100.0 |  81.2
       Dungeon | 100.0 | 100.0 | 100.0 |   N/A | 100.0 |  81.2
               +-------+-------+-------+-------+-------+----------------------

Table legend:
 A = Non-vault XP
 B = Vault XP
 C = Vault XP percentage of total XP
 D = Non-vault monster count
 E = Vault monster count
 F = Vault count percentage of total count
                 A         B        C        D         E       F
            +---------+---------+-------+---------+---------+-------
      Total |     267 |      58 |  17.8 |      66 |      16 |  19.5
            +---------+---------+-------+---------+---------+-------
        D:1 |      30 |       0 |   0.0 |      18 |       0 |   0.0
        D:2 |     101 |      58 |  36.5 |      30 |      16 |  34.8
        D:3 |     133 |       0 |   0.0 |      17 |       0 |   0.0
        D:4 |       3 |       0 |   0.0 |       1 |       0 |   0.0
            +---------+---------+-------+---------+---------+-------
